[Event "12th Maria Albulet Memorial 2019"]
[Site "Braila"]
[Date "2019.10.02"]
[Round "1.2"]
[White "Doluhanova, Evgeniya"]
[Black "Bucur, Denisa-Andreea"]
[Result "1-0"]
[ECO "A06"]
[WhiteElo "2285"]
[BlackElo "1888"]
[Annotator "NA"]
[PlyCount "77"]
[EventDate "2019.10.02"]
[EventType "swiss"]
[EventCountry "ROU"]
[SourceTitle "playchess.com"]
[Source "ChessBase"]
[SourceQuality "1"]
[TimeControl "40/5400+30:900+30"]

1. Nf3 d5 2. b3 Bg4 3. e3 Nf6 4. Bb2 e6 5. Be2 c6 6. d3 Nbd7 7. h3 Bxf3 8. Bxf3 Qc7 9. O-O Bd6 10. c4 O-O 11. Nc3 Rfd8 12. cxd5 exd5 13. Rc1 Nb6 14. Nb5 Qe7 15. Nxd6 Qxd6 16. Qc2 a5 17. Rfe1 Nfd7 18. e4 Re8 19. Qc3 f6 20. Qd4 Qb4 21. Bc3 Qb5 22. Bd2 c5 23. Qc3 d4 24. Qc2 a4 25. Rb1 axb3 26. Rxb3 Qa6 27. Bg4 Qxa2 28. Rb2 Qa4 29. Reb1 Qxc2 30. Rxc2 Ra3 31. Bf4 Rxd3 32. Bc7 Na8 33. Bxd7 Re7 34. Bb5 Ra3 35. Bd6 Rxe4 36. Bxc5 Rc3 37. Bc4+ Kh8 38. Rxb7 Re8 39. Re2 1-0

[Event "12th Maria Albulet Memorial 2019"]
[Site "Braila"]
[Date "2019.10.02"]
[Round "1.3"]
[White "Didiliuc, Dariana-Gabriela"]
[Black "Navrotescu, Andreea-Cristiana"]
[Result "0-1"]
[ECO "E32"]
[WhiteElo "1798"]
[BlackElo "2241"]
[Annotator "NA"]
[PlyCount "108"]
[EventDate "2019.10.02"]
[EventType "swiss"]
[EventCountry "ROU"]
[SourceTitle "playchess.com"]
[Source "ChessBase"]
[SourceQuality "1"]
[TimeControl "40/5400+30:900+30"]

1. d4 Nf6 2. c4 e6 3. Nc3 Bb4 4. Qc2 O-O 5. Nf3 c5 6. dxc5 Na6 7. g3 Nxc5 8. Bg2 Nce4 9. O-O Nxc3 10. bxc3 Be7 11. Bf4 d6 12. Rfd1 Qc7 13. Qb3 Rb8 14. Be3 b6 15. Nd4 Bd7 16. Nb5 Bxb5 17. cxb5 Ng4 18. Rd3 Nxe3 19. Rxe3 d5 20. Rd3 Rfd8 21. Rad1 h5 22. e4 dxe4 23. Bxe4 h4 24. Bc6 Qe5 25. Rxd8+ Rxd8 26. Rxd8+ Bxd8 27. Kf1 Be7 28. Bf3 Qf5 29. c4 Bc5 30. g4 Qf4 31. h3 Qd4 32. Qc2 g6 33. Be4 f5 34. Bf3 Kg7 35. Qe2 Kf6 36. gxf5 gxf5 37. Kg2 e5 38. Bd5 Qf4 39. Qc2 Kg6 40. Qe2 e4 41. Bc6 Kh7 42. Qh5+ Kg7 43. Qe2 Bd4 44. Bd5 Kf6 45. Bc6 Qg5+ 46. Kf1 Qf4 47. Kg2 Ke5 48. Bd5 Kd6 49. Bc6 Kc5 50. Bd5 e3 51. Bf3 Qg5+ 52. Kh1 exf2 53. Bg2 f4 54. Qf1 f3 0-1

[Event "12th Maria Albulet Memorial 2019"]
[Site "Braila"]
[Date "2019.10.02"]
[Round "1.4"]
[White "Makropoulou, Marina"]
[Black "Mihailova, Alina"]
[Result "1/2-1/2"]
[ECO "C48"]
[WhiteElo "2201"]
[BlackElo "1770"]
[Annotator "NA"]
[PlyCount "91"]
[EventDate "2019.10.02"]
[EventType "swiss"]
[EventCountry "ROU"]
[SourceTitle "playchess.com"]
[Source "ChessBase"]
[SourceQuality "1"]
[TimeControl "40/5400+30:900+30"]

1. e4 e5 2. Nf3 Nc6 3. Nc3 Nf6 4. Bb5 Bc5 5. O-O O-O 6. Nxe5 Nxe5 7. d4 Bd6 8. f4 Neg4 9. e5 Bb4 10. f5 Re8 11. exf6 Nxf6 12. Bg5 c6 13. Bd3 d5 14. Kh1 Bd7 15. Qf3 h6 16. Bh4 Be7 17. Rae1 Nh7 18. Bxe7 Rxe7 19. Re5 Re8 20. Ne2 Qb6 21. b3 Nf6 22. h3 a5 23. c3 c5 24. Re1 cxd4 25. Nxd4 Rxe5 26. Rxe5 Qc7 27. Qe3 Qxc3 28. Bb5 Qxe3 29. Rxe3 Bxb5 30. Nxb5 Re8 31. Rc3 Ne4 32. Rc7 Ng3+ 33. Kg1 Nxf5 34. Kf2 Re7 35. Rc8+ Kh7 36. Rd8 Ne3 37. Kf3 f6 38. Nc3 Re5 39. Rd7 b6 40. g4 d4 41. Rxd4 Nc2 42. Re4 Rxe4 43. Kxe4 Kg6 44. Nd5 b5 45. h4 a4 46. bxa4 1/2-1/2

[Event "12th Maria Albulet Memorial 2019"]
[Site "Braila"]
[Date "2019.10.02"]
[Round "1.5"]
[White "Anghel, Maria"]
[Black "Rakhmangulova, Anastasiya"]
[Result "0-1"]
[ECO "D25"]
[WhiteElo "1743"]
[BlackElo "2186"]
[Annotator "NA"]
[PlyCount "60"]
[EventDate "2019.10.02"]
[EventType "swiss"]
[EventCountry "ROU"]
[SourceTitle "playchess.com"]
[Source "ChessBase"]
[SourceQuality "1"]
[TimeControl "40/5400+30:900+30"]

1. d4 d5 2. Nf3 Nf6 3. c4 dxc4 4. e3 Bg4 5. Bxc4 e6 6. h3 Bh5 7. Nc3 c6 8. O-O Be7 9. Qe2 Nbd7 10. Rd1 Qc7 11. e4 O-O 12. Bg5 b5 13. Bb3 b4 14. Na4 e5 15. Qe3 Rfe8 16. d5 cxd5 17. Bxd5 Bxf3 18. gxf3 Nxd5 19. Rxd5 Bxg5 20. Qxg5 Nf6 21. Rdd1 Qe7 22. Kh2 h6 23. Qh4 Rac8 24. Rac1 Red8 25. Rxc8 Rxc8 26. Rd2 Qc7 27. Qg3 Nh5 28. Qg1 Nf4 29. Qd1 Qe7 30. b3 Qe6 0-1

[Event "12th Maria Albulet Memorial 2019"]
[Site "Braila"]
[Date "2019.10.02"]
[Round "1.6"]
[White "Cosman, Andreea-Marioara"]
[Black "Maria, Lia-Alexandra"]
[Result "1-0"]
[ECO "E42"]
[WhiteElo "2165"]
[BlackElo "1602"]
[Annotator "NA"]
[PlyCount "67"]
[EventDate "2019.10.02"]
[EventType "swiss"]
[EventCountry "ROU"]
[SourceTitle "playchess.com"]
[Source "ChessBase"]
[SourceQuality "1"]
[TimeControl "40/5400+30:900+30"]

1. d4 Nf6 2. c4 e6 3. Nc3 Bb4 4. e3 c5 5. Nge2 O-O 6. a3 Bxc3+ 7. Nxc3 cxd4 8. exd4 d5 9. c5 Re8 10. Bf4 Nc6 11. Bb5 Bd7 12. O-O a6 13. Be2 b5 14. b4 h6 15. Re1 Ne7 16. a4 bxa4 17. Nxa4 Bb5 18. Nb6 Bxe2 19. Qxe2 Ra7 20. Rxa6 Rxa6 21. Qxa6 Nc6 22. b5 Nb4 23. Qa7 Nd3 24. Bc7 Qe7 25. Ra1 Nxc5 26. dxc5 Qxc5 27. Nc8 Qc3 28. Nd6 Re7 29. b6 Nd7 30. Qa3 Qc6 31. Nc8 Re8 32. Ne7+ Rxe7 33. Qxe7 Nxb6 34. Qd8+ 1-0

[Event "12th Maria Albulet Memorial 2019"]
[Site "Braila"]
[Date "2019.10.02"]
[Round "1.7"]
[White "Pitigoi, Sabina-Andreea"]
[Black "Lehaci, Miruna-Daria"]
[Result "0-1"]
[ECO "E12"]
[WhiteElo "1490"]
[BlackElo "2131"]
[Annotator "NA"]
[PlyCount "72"]
[EventDate "2019.10.02"]
[EventType "swiss"]
[EventCountry "ROU"]
[SourceTitle "playchess.com"]
[Source "ChessBase"]
[SourceQuality "1"]
[TimeControl "40/5400+30:900+30"]

1. d4 Nf6 2. c4 e6 3. Nf3 b6 4. a3 Ba6 5. Qc2 Bb7 6. Nc3 c5 7. e4 cxd4 8. Nxd4 Bc5 9. Nb3 Nc6 10. Nxc5 bxc5 11. Be3 Nd4 12. Qd3 e5 13. f3 O-O 14. b4 d6 15. Qb1 a6 16. Bd3 Rb8 17. O-O Bc6 18. Nd5 h6 19. Qe1 Ba4 20. Qg3 Bc2 21. Bxd4 Bxd3 22. Be3 Nxd5 23. cxd5 Bxf1 24. Kxf1 cxb4 25. axb4 Kh7 26. Rxa6 Rxb4 27. Qe1 Qb8 28. Ra1 Rb2 29. Kg1 Rc8 30. Ba7 Qb5 31. Qf1 Qb3 32. Qd1 Rcc2 33. Bf2 Qb8 34. Bg3 Rxg2+ 35. Kh1 Qc8 36. Qd3 Qh3 0-1

[Event "12th Maria Albulet Memorial 2019"]
[Site "Braila"]
[Date "2019.10.02"]
[Round "1.8"]
[White "Petrenko, Svetlana"]
[Black "Paraschiv, Petronela-Alexandra"]
[Result "1-0"]
[ECO "A40"]
[WhiteElo "2112"]
[BlackElo "1829"]
[Annotator "NA"]
[PlyCount "57"]
[EventDate "2019.10.02"]
[EventType "swiss"]
[EventCountry "ROU"]
[SourceTitle "playchess.com"]
[Source "ChessBase"]
[SourceQuality "1"]
[TimeControl "40/5400+30:900+30"]

1. d4 e6 2. g3 Nf6 3. Bg2 c5 4. e3 d6 5. Ne2 Be7 6. O-O Qc7 7. b3 Bd7 8. c4 Na6 9. Nbc3 O-O-O 10. Nb5 Qb8 11. Bb2 Ne8 12. e4 Nac7 13. a4 a6 14. Nbc3 cxd4 15. Nxd4 Bc6 16. b4 Bf6 17. b5 Bxd4 18. Qxd4 e5 19. Qe3 Bd7 20. b6 Ne6 21. Nd5 Bc6 22. Bh3 Kd7 23. f4 f6 24. fxe5 dxe5 25. c5 Rf8 26. Rfd1 f5 27. exf5 Bxd5 28. Rxd5+ Kc6 29. Rxe5 1-0

[Event "12th Maria Albulet Memorial 2019"]
[Site "Braila"]
[Date "2019.10.03"]
[Round "2.1"]
[White "Lehaci, Miruna-Daria"]
[Black "Doluhanova, Evgeniya"]
[Result "1-0"]
[ECO "C65"]
[WhiteElo "2131"]
[BlackElo "2285"]
[Annotator "ChessBase"]
[PlyCount "127"]
[EventDate "2019.10.02"]
[EventType "swiss"]
[EventCountry "ROU"]
[SourceTitle "playchess.com"]
[Source "ChessBase"]
[SourceQuality "1"]
[TimeControl "40/5400+30:900+30"]

1. e4 e5 2. Nf3 Nc6 3. Bb5 Nf6 4. d3 Bc5 5. c3 d6 6. O-O O-O 7. Nbd2 Ne7 8. d4 exd4 9. cxd4 Bb6 10. Re1 c6 11. Bd3 Ng6 12. Nc4 Bc7 13. e5 dxe5 14. dxe5 Ng4 15. Bg5 Qd5 16. Qe2 b5 17. Ne3 Nxe3 18. Qxe3 Bb6 19. Qe2 Bg4 20. Be4 Qe6 21. h3 Bxf3 22. Bxf3 Rfe8 23. Rac1 Qxe5 24. Bxc6 Qxe2 25. Rxe2 Rxe2 26. Bxa8 h6 27. Be3 Bxe3 28. fxe3 Rxb2 29. Bd5 Ne7 30. Bb3 a5 31. Rf1 Kh7 32. Rxf7 Nc6 33. Rb7 Re2 34. Rxb5 Rxe3 35. Bd5 Nb4 36. Rxa5 Nxd5 37. Rxd5 Ra3 38. Rd2 Kg6 39. Kf1 Kf5 40. Re2 g5 41. Ke1 Rd3 42. Rd2 Ra3 43. Kd1 Ke4 44. Kc1 Ke3 45. Rc2 Kd3 46. Rf2 Ra5 47. a3 h5 48. Rf3+ Ke2 49. Kb2 g4 50. hxg4 hxg4 51. Rf4 g3 52. Rf3 Rg5 53. Kb3 Rg4 54. a4 Ke1 55. a5 Ke2 56. a6 Rg6 57. a7 Ra6 58. Rf7 Ra1 59. Kc4 Ra2 60. Kc5 Ke3 61. Kb6 Rb2+ 62. Kc7 Rc2+ 63. Kb8 Rf2 64. Re7+ 1-0

[Event "12th Maria Albulet Memorial 2019"]
[Site "Braila"]
[Date "2019.10.03"]
[Round "2.2"]
[White "Navrotescu, Andreea-Cristiana"]
[Black "Cosman, Andreea-Marioara"]
[Result "1-0"]
[ECO "A65"]
[WhiteElo "2241"]
[BlackElo "2165"]
[Annotator "NA"]
[PlyCount "61"]
[EventDate "2019.10.02"]
[EventType "swiss"]
[EventCountry "ROU"]
[SourceTitle "playchess.com"]
[Source "ChessBase"]
[SourceQuality "1"]
[TimeControl "40/5400+30:900+30"]

1. d4 Nf6 2. c4 c5 3. d5 e6 4. Nc3 exd5 5. cxd5 d6 6. e4 g6 7. Nge2 Bg7 8. Ng3 h5 9. Be2 a6 10. a4 Qe7 11. O-O Nbd7 12. f3 Nh7 13. Be3 f5 14. Qd2 h4 15. Nh1 O-O 16. exf5 gxf5 17. Rfe1 Qf7 18. f4 b6 19. Nf2 Re8 20. Rad1 Ndf6 21. Bd3 Ra7 22. Qc2 Rae7 23. Bd2 Nh5 24. Rxe7 Rxe7 25. Kf1 Bh6 26. Nh3 Kf8 27. Qb3 Rb7 28. Bxa6 Rb8 29. Bxc8 Rxc8 30. Qxb6 Qg6 31. Nb5 1-0

[Event "12th Maria Albulet Memorial 2019"]
[Site "Braila"]
[Date "2019.10.03"]
[Round "2.3"]
[White "Rakhmangulova, Anastasiya"]
[Black "Petrenko, Svetlana"]
[Result "1-0"]
[ECO "C50"]
[WhiteElo "2186"]
[BlackElo "2112"]
[Annotator "NA"]
[PlyCount "105"]
[EventDate "2019.10.02"]
[EventType "swiss"]
[EventCountry "ROU"]
[SourceTitle "playchess.com"]
[Source "ChessBase"]
[SourceQuality "1"]
[TimeControl "40/5400+30:900+30"]

1. e4 e5 2. Nf3 Nc6 3. Bc4 Be7 4. O-O Nf6 5. d3 O-O 6. Re1 d6 7. c3 Na5 8. Bb5 a6 9. Ba4 b5 10. Bc2 c5 11. Nbd2 g6 12. Nf1 Nh5 13. d4 Nc6 14. Bh6 Ng7 15. dxc5 dxc5 16. Qe2 Be6 17. Ne3 f6 18. Red1 Qc8 19. Nd5 Bd8 20. a4 Rb8 21. axb5 axb5 22. Nd2 Ne7 23. Nf1 Bxd5 24. exd5 Nef5 25. Bxf5 Qxf5 26. Ra7 Rf7 27. Ng3 Qc8 28. Rxf7 Kxf7 29. Ne4 Kg8 30. g4 c4 31. Qf3 f5 32. Bxg7 Kxg7 33. gxf5 Qxf5 34. Qg2 Bb6 35. d6 b4 36. Re1 bxc3 37. bxc3 Rf8 38. Qg3 Rf7 39. Kg2 h6 40. Re2 Qe6 41. Rd2 Rf4 42. f3 g5 43. d7 Bd8 44. Rd6 Qf5 45. Nc5 Kh7 46. Ne6 Rh4 47. Nxd8 Qc2+ 48. Kh1 Qc1+ 49. Qg1 Qxc3 50. Qd1 Qe3 51. Qf1 Qf4 52. Qb1+ Kh8 53. Nf7+ 1-0

[Event "12th Maria Albulet Memorial 2019"]
[Site "Braila"]
[Date "2019.10.03"]
[Round "2.4"]
[White "Mihailova, Alina"]
[Black "Verbin, Valentina"]
[Result "1/2-1/2"]
[ECO "A40"]
[WhiteElo "1770"]
[BlackElo "2076"]
[Annotator "NA"]
[PlyCount "57"]
[EventDate "2019.10.02"]
[EventType "swiss"]
[EventCountry "ROU"]
[SourceTitle "playchess.com"]
[Source "ChessBase"]
[SourceQuality "1"]
[TimeControl "40/5400+30:900+30"]

1. d4 Nf6 2. c4 e6 3. g3 d5 4. Nf3 Bb4+ 5. Bd2 Be7 6. Bg2 c6 7. O-O O-O 8. Qc2 b6 9. Bf4 Ba6 10. Nbd2 h6 11. Rfd1 Nh5 12. Bxb8 Rxb8 13. Ne5 Qc8 14. Rac1 Bd6 15. Ndf3 Nf6 16. cxd5 cxd5 17. Nc6 Rb7 18. Qa4 Bc4 19. b3 Rc7 20. Nxa7 Qa8 21. bxc4 Rxa7 22. Qb3 Rxa2 23. cxd5 Qxd5 24. Qxb6 Rb8 25. Qc6 Rxe2 26. Qxd5 exd5 27. Rd2 Rxd2 28. Nxd2 Rb2 29. Nf3 1/2-1/2

[Event "12th Maria Albulet Memorial 2019"]
[Site "Braila"]
[Date "2019.10.03"]
[Round "2.6"]
[White "Bucur, Denisa-Andreea"]
[Black "Pitigoi, Sabina-Andreea"]
[Result "1-0"]
[ECO "E21"]
[WhiteElo "1888"]
[BlackElo "1490"]
[Annotator "NA"]
[PlyCount "111"]
[EventDate "2019.10.02"]
[EventType "swiss"]
[EventCountry "ROU"]
[SourceTitle "playchess.com"]
[Source "ChessBase"]
[SourceQuality "1"]
[TimeControl "40/5400+30:900+30"]

1. d4 Nf6 2. Nf3 e6 3. c4 b6 4. Nc3 Bb4 5. e3 c5 6. Bd2 Bb7 7. Bd3 O-O 8. a3 Bxc3 9. Bxc3 d5 10. cxd5 exd5 11. O-O Nc6 12. dxc5 bxc5 13. Bxf6 Qxf6 14. Qc2 c4 15. Bxh7+ Kh8 16. Bf5 g6 17. Bh3 Kg7 18. Qc3 Qxc3 19. bxc3 Na5 20. Nd4 Ba6 21. Nc2 Nb3 22. Rad1 Rfd8 23. g3 Bb7 24. Nd4 Rab8 25. Bg2 Ba8 26. Nc2 a5 27. Rfe1 Nc5 28. Nd4 Nd3 29. Re2 Nb2 30. Ra1 Na4 31. Rc1 Re8 32. h4 f5 33. h5 gxh5 34. Bh3 Rb6 35. Bxf5 Reb8 36. Kg2 Nc5 37. Rh1 Rh8 38. Ree1 Nb3 39. g4 Rf6 40. g5 Rf7 41. Bc2 Nc5 42. f4 Kf8 43. Rb1 Rb7 44. Rxb7 Bxb7 45. Kg3 Ne4+ 46. Bxe4 dxe4 47. f5 Kf7 48. Kf4 h4 49. Kg4 h3 50. Rxh3 Rxh3 51. Kxh3 Bc8 52. Kg4 Bb7 53. Kf4 Ke7 54. Ke5 a4 55. g6 Kf8 56. Ne6+ 1-0

[Event "12th Maria Albulet Memorial 2019"]
[Site "Braila"]
[Date "2019.10.03"]
[Round "2.7"]
[White "Maria, Lia-Alexandra"]
[Black "Didiliuc, Dariana-Gabriela"]
[Result "0-1"]
[ECO "C11"]
[WhiteElo "1602"]
[BlackElo "1798"]
[Annotator "NA"]
[PlyCount "86"]
[EventDate "2019.10.02"]
[EventType "swiss"]
[EventCountry "ROU"]
[SourceTitle "playchess.com"]
[Source "ChessBase"]
[SourceQuality "1"]
[TimeControl "40/5400+30:900+30"]

1. e4 e6 2. d4 d5 3. Nc3 Nf6 4. e5 Nfd7 5. Nf3 c5 6. Bf4 Nc6 7. Ne2 Qb6 8. c3 Qxb2 9. Rb1 Qxa2 10. Ra1 Qc4 11. Ng3 Qxc3+ 12. Bd2 Qb2 13. Rb1 Qa3 14. Ra1 Qxa1 15. Qxa1 c4 16. Be2 b5 17. O-O a5 18. Rc1 Nb6 19. Bf1 b4 20. Ne1 Bd7 21. Nc2 Be7 22. Ne3 O-O 23. f4 Rfc8 24. f5 Bf8 25. f6 g6 26. Ng4 Nxd4 27. Nh6+ Bxh6 28. Qxd4 Bxd2 29. Qxd2 Kh8 30. Qh6 Rg8 31. Nh1 g5 32. Nf2 Rg6 33. Qh5 Rag8 34. Ng4 a4 35. Re1 Be8 36. Re3 Nd7 37. Rh3 Nf8 38. Re3 b3 39. Nh6 b2 40. Re1 a3 41. Nxg8 Kxg8 42. Qe2 c3 43. Qc2 a2 0-1

[Event "12th Maria Albulet Memorial 2019"]
[Site "Braila"]
[Date "2019.10.03"]
[Round "2.8"]
[White "Paraschiv, Petronela-Alexandra"]
[Black "Anghel, Maria"]
[Result "0-1"]
[ECO "B10"]
[WhiteElo "1829"]
[BlackElo "1743"]
[Annotator "NA"]
[PlyCount "124"]
[EventDate "2019.10.02"]
[EventType "swiss"]
[EventCountry "ROU"]
[SourceTitle "playchess.com"]
[Source "ChessBase"]
[SourceQuality "1"]
[TimeControl "40/5400+30:900+30"]

1. e4 c6 2. Nc3 d5 3. Nf3 a6 4. h3 d4 5. Ne2 c5 6. c3 Nc6 7. cxd4 cxd4 8. d3 e6 9. a3 Nf6 10. Bf4 Bd6 11. Bg5 h6 12. Bh4 Qa5+ 13. Nd2 Nd7 14. b4 Qh5 15. Nc4 Bxb4+ 16. axb4 Qxh4 17. b5 Nce5 18. Nxe5 Nxe5 19. Nxd4 O-O 20. Nf3 Qf6 21. Be2 Nxf3+ 22. Bxf3 Qc3+ 23. Kf1 e5 24. Kg1 Rd8 25. Be2 Qd4 26. g4 Bd7 27. bxa6 bxa6 28. h4 Bb5 29. Ra3 Rac8 30. Rh3 Qb2 31. Rb3 Qa2 32. Bf1 Ba4 33. Rb2 Qxb2 34. Qxa4 Qb5 35. Qa3 a5 36. d4 Qb4 37. dxe5 Qxa3 38. Rxa3 Ra8 39. Bc4 Rd4 40. Bd5 Ra7 41. e6 fxe6 42. Bxe6+ Kf8 43. Bd5 Ke7 44. Kf1 Kd6 45. Ke2 a4 46. Ke3 Rd1 47. Ke2 Rb1 48. Kd2 Rb2+ 49. Ke3 Kc5 50. Ra2 a3 51. f3 Kb4 52. Kd3 Rd7 53. Ke3 Rxd5 54. exd5 Rxa2 55. d6 Ra1 56. Ke2 a2 57. d7 Rd1 58. Kxd1 a1=Q+ 59. Ke2 Qd4 60. g5 hxg5 61. hxg5 Qxd7 62. f4 Qf5 0-1

[Event "12th Maria Albulet Memorial 2019"]
[Site "Braila"]
[Date "2019.10.03"]
[Round "3.1"]
[White "Rakhmangulova, Anastasiya"]
[Black "Navrotescu, Andreea-Cristiana"]
[Result "1-0"]
[ECO "C00"]
[WhiteElo "2186"]
[BlackElo "2241"]
[Annotator "NA"]
[PlyCount "69"]
[EventDate "2019.10.02"]
[EventType "swiss"]
[EventCountry "ROU"]
[SourceTitle "playchess.com"]
[Source "ChessBase"]
[SourceQuality "1"]
[TimeControl "40/5400+30:900+30"]

1. e4 e6 2. d3 d5 3. Nd2 Nf6 4. Ngf3 Bc5 5. Be2 dxe4 6. dxe4 Nc6 7. O-O O-O 8. c3 a5 9. Qc2 e5 10. Nc4 h6 11. Be3 Bxe3 12. Nxe3 Qe7 13. Rad1 Be6 14. Nd5 Bxd5 15. exd5 Nb8 16. Rfe1 Nbd7 17. Bb5 Qd6 18. Nh4 Nb6 19. Nf5 Qc5 20. Qd3 g6 21. Nxh6+ Kg7 22. Nf5+ gxf5 23. Qxf5 Rg8 24. Qg5+ Kf8 25. Qxf6 Qxb5 26. Rxe5 Qxb2 27. Qe7+ Kg7 28. Re3 Qc2 29. Rg3+ Qg6 30. Rxg6+ Kxg6 31. Rd3 Rae8 32. Rg3+ Kh5 33. Qxf7+ Kh6 34. Qf6+ Kh5 35. Rh3+ 1-0

[Event "12th Maria Albulet Memorial 2019"]
[Site "Braila"]
[Date "2019.10.03"]
[Round "3.2"]
[White "Verbin, Valentina"]
[Black "Lehaci, Miruna-Daria"]
[Result "0-1"]
[ECO "B51"]
[WhiteElo "2076"]
[BlackElo "2131"]
[Annotator "NA"]
[PlyCount "64"]
[EventDate "2019.10.02"]
[EventType "swiss"]
[EventCountry "ROU"]
[SourceTitle "playchess.com"]
[Source "ChessBase"]
[SourceQuality "1"]
[TimeControl "40/5400+30:900+30"]

1. e4 c5 2. Nf3 d6 3. Bb5+ Nd7 4. a4 Ngf6 5. Nc3 g6 6. a5 a6 7. Bc4 h6 8. d4 cxd4 9. Nxd4 Bg7 10. f3 O-O 11. Be3 Qc7 12. Ba2 Kh7 13. O-O Ne5 14. Nde2 Bd7 15. Bb6 Qc8 16. f4 Nc6 17. Bb3 Be6 18. Ba4 Nd7 19. Be3 Bc4 20. Rf3 Nc5 21. Bxc6 Bxe2 22. Qxe2 Qxc6 23. Bxc5 Qxc5+ 24. Kh1 Rac8 25. Ra3 e6 26. f5 exf5 27. exf5 Rfe8 28. Qd1 gxf5 29. Rb3 Re7 30. Qf1 Rce8 31. Qd3 Re1+ 32. Rf1 Qf2 0-1

[Event "12th Maria Albulet Memorial 2019"]
[Site "Braila"]
[Date "2019.10.03"]
[Round "3.4"]
[White "Doluhanova, Evgeniya"]
[Black "Mihailova, Alina"]
[Result "1-0"]
[ECO "A06"]
[WhiteElo "2285"]
[BlackElo "1770"]
[Annotator "NA"]
[PlyCount "79"]
[EventDate "2019.10.02"]
[EventType "swiss"]
[EventCountry "ROU"]
[SourceTitle "playchess.com"]
[Source "ChessBase"]
[SourceQuality "1"]
[TimeControl "40/5400+30:900+30"]

1. Nf3 d5 2. b3 Nf6 3. Bb2 Bf5 4. e3 e6 5. Be2 Bd6 6. Nh4 Bg6 7. Nxg6 hxg6 8. h3 Nbd7 9. c4 c6 10. cxd5 cxd5 11. Nc3 a6 12. O-O O-O 13. Rc1 Rc8 14. a3 Qe7 15. b4 b5 16. Qb3 Nb6 17. Rc2 Rc7 18. Rb1 Rfc8 19. Bd1 Nfd7 20. Ba1 Ne5 21. a4 Qd7 22. axb5 axb5 23. Be2 Nec4 24. d3 Ne5 25. f4 Nc6 26. Nxb5 Rb7 27. Nxd6 Qxd6 28. Rbc1 Na7 29. Bd4 Rxc2 30. Qxc2 Qxb4 31. Rb1 Qd6 32. Qc5 Qxc5 33. Bxc5 Nac8 34. d4 Rb8 35. Ba6 Ra8 36. Bb7 Ra7 37. Bxc8 Nxc8 38. Bxa7 Nxa7 39. Rb8+ Kh7 40. Rb7 1-0

[Event "12th Maria Albulet Memorial 2019"]
[Site "Braila"]
[Date "2019.10.03"]
[Round "3.5"]
[White "Cosman, Andreea-Marioara"]
[Black "Bucur, Denisa-Andreea"]
[Result "1/2-1/2"]
[ECO "E44"]
[WhiteElo "2165"]
[BlackElo "1888"]
[Annotator "NA"]
[PlyCount "30"]
[EventDate "2019.10.02"]
[EventType "swiss"]
[EventCountry "ROU"]
[SourceTitle "playchess.com"]
[Source "ChessBase"]
[SourceQuality "1"]
[TimeControl "40/5400+30:900+30"]

1. d4 Nf6 2. c4 e6 3. Nc3 Bb4 4. e3 b6 5. Nge2 c5 6. a3 Ba5 7. Rb1 Na6 8. Bd2 O-O 9. Ng3 Bb7 10. Bd3 cxd4 11. exd4 Bxc3 12. bxc3 Nc7 13. O-O Qc8 14. Bf4 d5 15. Be5 Nd7 1/2-1/2

[Event "12th Maria Albulet Memorial 2019"]
[Site "Braila"]
[Date "2019.10.03"]
[Round "3.6"]
[White "Petrenko, Svetlana"]
[Black "Anghel, Maria"]
[Result "1-0"]
[ECO "B41"]
[WhiteElo "2112"]
[BlackElo "1743"]
[Annotator "NA"]
[PlyCount "103"]
[EventDate "2019.10.02"]
[EventType "swiss"]
[EventCountry "ROU"]
[SourceTitle "playchess.com"]
[Source "ChessBase"]
[SourceQuality "1"]
[TimeControl "40/5400+30:900+30"]

1. e4 c5 2. Nf3 e6 3. d4 cxd4 4. Nxd4 a6 5. c4 Nf6 6. Nc3 Qc7 7. Bd3 d6 8. O-O g6 9. Kh1 Bg7 10. f4 Nbd7 11. Nf3 O-O 12. f5 Nc5 13. fxg6 fxg6 14. Bc2 b6 15. Bg5 Bb7 16. Qe2 Ng4 17. h3 Ne5 18. Nxe5 Bxe5 19. Bh6 Bg7 20. Bf4 Nd7 21. Rad1 Ne5 22. Bb3 Rf6 23. Bxe5 Rxf1+ 24. Rxf1 Bxe5 25. c5 Re8 26. Qf2 dxc5 27. Bxe6+ Kh8 28. Bd5 Bg7 29. Qh4 Qe7 30. Qxe7 Rxe7 31. Na4 Bxd5 32. exd5 Rd7 33. Re1 Bd4 34. Nxb6 Rd6 35. Re8+ Kg7 36. Rb8 h5 37. g4 h4 38. g5 Bf2 39. Kg2 Bg3 40. Kf3 Kf7 41. Ke4 Kg7 42. Rb7+ Kh8 43. Nd7 Kg8 44. Nxc5 Bf2 45. b4 Bg3 46. Nd7 Kf7 47. Nf6+ Kf8 48. a4 Be1 49. Nd7+ Ke8 50. Ne5 Bg3 51. a5 Kf8 52. Rb6 1-0

[Event "12th Maria Albulet Memorial 2019"]
[Site "Braila"]
[Date "2019.10.03"]
[Round "3.7"]
[White "Makropoulou, Marina"]
[Black "Maria, Lia-Alexandra"]
[Result "1-0"]
[ECO "B90"]
[WhiteElo "2201"]
[BlackElo "1602"]
[Annotator "NA"]
[PlyCount "45"]
[EventDate "2019.10.02"]
[EventType "swiss"]
[EventCountry "ROU"]
[SourceTitle "playchess.com"]
[Source "ChessBase"]
[SourceQuality "1"]
[TimeControl "40/5400+30:900+30"]

1. e4 c5 2. Nf3 d6 3. d4 cxd4 4. Nxd4 Nf6 5. Nc3 a6 6. a4 g6 7. Be2 Bg7 8. Bg5 Nbd7 9. Qd2 Qc7 10. O-O O-O 11. Kh1 b6 12. Nd5 Nxd5 13. exd5 Nf6 14. Bf3 Bb7 15. c4 Rac8 16. Rac1 Rfe8 17. Rfe1 Qd7 18. b3 Rc7 19. Rcd1 Ng4 20. Ne6 Bc3 21. Qxc3 Nxf2+ 22. Kg1 fxe6 23. dxe6 1-0

[Event "12th Maria Albulet Memorial 2019"]
[Site "Braila"]
[Date "2019.10.03"]
[Round "3.8"]
[White "Pitigoi, Sabina-Andreea"]
[Black "Paraschiv, Petronela-Alexandra"]
[Result "1/2-1/2"]
[ECO "E12"]
[WhiteElo "1490"]
[BlackElo "1829"]
[Annotator "NA"]
[PlyCount "81"]
[EventDate "2019.10.02"]
[EventType "swiss"]
[EventCountry "ROU"]
[SourceTitle "playchess.com"]
[Source "ChessBase"]
[SourceQuality "1"]
[TimeControl "40/5400+30:900+30"]

1. d4 e6 2. Nf3 Nf6 3. c4 b6 4. a3 Bb7 5. Nc3 d5 6. cxd5 Nxd5 7. Nxd5 Bxd5 8. e3 c5 9. Qa4+ Qd7 10. Qxd7+ Nxd7 11. Bb5 O-O-O 12. Ng5 e5 13. e4 h6 14. exd5 hxg5 15. dxc5 Nxc5 16. Bxg5 f6 17. Be3 Rxd5 18. Rc1 Kb8 19. O-O Be7 20. Rfd1 Rhd8 21. Rxd5 Rxd5 22. b4 Nd3 23. Bc4 Nxc1 24. Bxd5 Ne2+ 25. Kf1 Nd4 26. Bxd4 exd4 27. Ke2 a5 28. bxa5 bxa5 29. a4 Bc5 30. Kd3 Kc7 31. f4 Kd6 32. Bc4 g5 33. fxg5 fxg5 34. Ke4 Kc6 35. g3 Bb6 36. h4 gxh4 37. gxh4 Kc5 38. Kd3 Bd8 39. h5 Bg5 40. Bb5 Be3 41. Ke4 1/2-1/2